 Dungeon Crawl Stone Soup version 0.24-a0-358-g53aee78b01 (webtiles) character file.

Game seed: 781801117432117193

1037 nikopol the Magician (level 8, -2/42 HPs)
             Began as a Deep Elf Fire Elementalist on May 24, 2019.
             Was an Initiate of Vehumet.
             Slain by a centaur (8 damage)
             ... on level 5 of the Dungeon on May 25, 2019.
             The game lasted 00:16:26 (5932 turns).

nikopol the Magician (Deep Elf Fire Elementalist)   Turns: 5932, Time: 00:16:27

Health: -2/42      AC:  2    Str:  5    XL:     8   Next: 4%
Magic:  16/21      EV: 13    Int: 23    God:    Vehumet [......]
Gold:   367        SH:  0    Dex: 18    Spells: 7/22 levels left

rFire    . . .     SeeInvis .   y - +2 dagger (venom)
rCold    . . .     Gourm    .   (no shield)
rNeg     . . .     Faith    .   a - +0 robe
rPois    .         Spirit   .   (no helmet)
rElec    .         Reflect  .   (no cloak)
rCorr    .         Harm     .   (no gloves)
MR       .....                  (no boots)
Stlth    ++........             (no amulet)
HPRegen  0.14/turn              k - +3 ring of dexterity
MPRegen  0.17/turn              (no ring)

@: drained
A: no striking features
a: Renounce Religion


You were on level 5 of the Dungeon.
You worshipped Vehumet.
Vehumet was noncommittal.
You were not hungry.

You visited 2 branches of the dungeon, and saw 6 of its levels.

You collected 367 gold pieces.

Inventory:

Hand Weapons
 y - a +2 dagger of venom (weapon)
Armour
 a - a +0 robe (worn)
Jewellery
 k - a +3 ring of dexterity (left hand)
 B - an uncursed ring of poison resistance {unknown}
Scrolls
 b - 3 scrolls of enchant weapon {unknown}
 d - 2 scrolls of fear {unknown}
 g - 2 scrolls of enchant armour {unknown}
 h - 3 scrolls of teleportation {unknown}
 i - 5 scrolls of remove curse {unknown}
 l - a scroll of silence {unknown}
 p - 2 scrolls of fog {unknown}
 q - 2 scrolls of blinking {unknown}
 t - a scroll of immolation {unknown}
 w - a scroll of magic mapping {unknown}
Potions
 e - 2 potions of lignification
 f - a potion of mutation
 j - a potion of curing
 m - 2 potions of haste
 n - a potion of invisibility {unknown}
 o - 3 potions of brilliance
 r - a potion of agility {unknown}
 s - 2 potions of might
 u - a potion of degeneration {unknown}
 v - a potion of cancellation {unknown}
 x - a potion of flight {unknown}
 z - a potion of resistance
Comestibles
 c - 14 rations


   Skills:
 + Level 0.8(0.2) Fighting
 + Level 3.4(2.7) Dodging
 + Level 3.3(2.6) Stealth
 + Level 7.6(6.8) Spellcasting
 + Level 5.0(4.3) Conjurations
 + Level 6.5(5.7) Fire Magic


You had 7 spell levels left.
You knew the following spells:

 Your Spells              Type           Power        Failure   Level  Hunger
a - Flame Tongue          Conj/Fire      ####.        1%          1    None
b - Throw Flame           Conj/Fire      ####..       1%          2    None
c - Conjure Flame         Conj/Fire      ####....     3%          3    None
d - Sticky Flame          Conj/Fire      ####....     10%         4    ###....
e - Fireball              Conj/Fire      ####......   26%         5    #####..

Your spell library contained the following spells:

 Spells                   Type           Power        Failure   Level  Hunger
 Inner Flame              Hex/Fire       ###.....     7%          3    None


Dungeon Overview and Level Annotations

Branches:
Dungeon (5/15)             Temple (1/1) D:5

Altars:
Dithmenos
Fedhas
Hepliaklqana
Kikubaaqudgha
Nemelex Xobeh
Okawaru
Ru
Uskayaw
Vehumet
Wu Jian
Xom
The Shining One

Annotations:
D:4 2 transporters


Message History

You kill the giant cockroach!
Vehumet accepts your kill.
The centaur shoots an arrow.
The arrow hits you.
The centaur shoots an arrow.
The arrow hits you.
A centaur is nearby!
The centaur shoots an arrow.
The arrow hits you!
* * * LOW HITPOINT WARNING * * *
Things that are here:
an arrow; a giant cockroach corpse The centaur unwields a +0 shortbow.
The centaur hits you.
* * * LOW HITPOINT WARNING * * *
Casting: Flame Tongue (safe; 1% risk of failure)
Confirm with . or Enter, or press ? or * to list all spells.
Aiming: Sticky Flame (safe; 10% risk of failure)
Press: ? - help, Shift-Dir - straight line, f/p - centaur
Aim: a centaur The sticky flame hits the centaur but does no damage.
The centaur is covered in liquid flames!
The centaur burns!
The centaur barely misses you. The centaur hits you!
You die...

#s# #.# #.#
#.#############
#.........c...#
#############.#
#.# #c# #@# #(#
#(# #.# #.# #.#
#.# #.#
################.#


You could see a centaur (burning).

Vanquished Creatures
  Edmund (D:5)
  An ogre (D:4)
  A centaur (D:5)
  A howler monkey (D:4)
  2 crimson imps (D:5)
  A centaur zombie (D:5)
  A quasit (D:5)
  4 orc wizards (D:5)
  A hound (D:4)
  An orc priest (D:4)
  Terence (D:3)
  2 worker ants (D:5)
  2 worker ant zombies
  11 gnolls
  6 adders
  A shadow imp (D:5)
  An adder skeleton (D:4)
  6 worms
  4 dart slugs
  4 leopard geckos
  16 orcs
  8 giant cockroaches
  8 goblins
  6 hobgoblins
  12 jackals
  10 kobolds
  A quokka (D:5)
  A ball python (D:3)
  8 bats
  7 frilled lizards
  5 rats
134 creatures vanquished.

Notes
Turn   | Place    | Note
-------+----------+-------------------------------------------
     0 | D:1      | nikopol the Deep Elf Fire Elementalist began the quest for
                  | the Orb.
     0 | D:1      | Reached XP level 1. HP: 10/10 MP: 6/6
   254 | D:1      | Reached XP level 2. HP: 15/15 MP: 2/8
   993 | D:1      | Learned a level 2 spell: Throw Flame
  1041 | D:2      | Reached XP level 3. HP: 14/19 MP: 5/10
  1225 | D:2      | Learned a level 3 spell: Conjure Flame
  1342 | D:2      | Reached skill level 4 in Spellcasting
  1491 | D:2      | Found a hazy altar of Hepliaklqana.
  1531 | D:2      | Reached XP level 4. HP: 24/24 MP: 6/12
  2031 | D:3      | Noticed Terence
  2087 | D:3      | Reached XP level 5. HP: 28/28 MP: 8/14
  2128 | D:3      | Killed Terence
  2128 | D:3      | Reached skill level 5 in Spellcasting
  2238 | D:3      | Learned a level 4 spell: Sticky Flame
  2289 | D:3      | Found an ornate altar of the Wu Jian Council.
  2537 | D:3      | Upgraded the game from 0.24-a0-355-gbe4061de67 to
                  | 0.24-a0-358-g53aee78b01
  2794 | D:4      | Reached XP level 6. HP: 32/32 MP: 12/16
  2801 | D:4      | Learned a level 5 spell: Fireball
  2909 | D:4      | Found a transporter.
  3017 | D:4      | Reached skill level 5 in Fire Magic
  3117 | D:4      | Reached skill level 6 in Spellcasting
  3263 | D:4      | Found a transporter.
  3356 | D:4      | Found a hide-covered altar of Uskayaw.
  3794 | D:5      | Entered Level 5 of the Dungeon
  3845 | D:5      | Reached XP level 7. HP: 36/36 MP: 15/18
  4207 | D:5      | Noticed Edmund
  4271 | D:5      | Reached skill level 7 in Spellcasting
  5053 | D:5      | Found a staircase to the Ecumenical Temple.
  5073 | Temple   | Entered the Ecumenical Temple
  5131 | Temple   | Became a worshipper of Vehumet
  5645 | D:5      | Killed Edmund
  5645 | D:5      | Reached skill level 5 in Conjurations
  5645 | D:5      | Reached XP level 8. HP: 38/42 MP: 8/21
  5932 | D:5      | Slain by a centaur

Levels and vault maps discovered:
D:1:      minmay_arrival_up_and_down, layout_basic
D:2:      layout_basic, old_standard_altar, minmay_circle_x
D:3:      layout_rooms, lemuel_doored_altar, first_ration, nrook_campfire,
          uniq_terence
D:4:      gammafunk_cloud_chamber, layout_cave_pods, kennysheep_mini,
          chequers_serial_rivers_room_b, grunt_ministairs_11
D:5:      layout_basic, minmay_temple_entry_statues_pillars, uniq_edmund
Temple:   jpeg_temple_island

Skill      XL: |  1  2  3  4  5  6  7 |
---------------+----------------------+-----
Fire Magic     | 4 5 6 |  6.5
Spellcasting   | 4 5 6 7 |  7.6
Conjurations   | 2 3 4 5 |  5.0
Stealth        | 3 |  3.3
Dodging        | 3 |  3.4
Fighting       | |  0.8

Action                   |  1- 3 |  4- 6 |  7- 9 || total
-------------------------+-------+-------+-------++-------
Melee: Dagger            |       |       |    41 ||    41
 Cast: Flame Tongue      |    79 |   130 |    68 ||   277
       Throw Flame       |       |    17 |     7 ||    24
       Conjure Flame     |       |     1 |     4 ||     5
       Sticky Flame      |       |     4 |     9 ||    13
  Use: Scroll            |       |       |     6 ||     6
  Eat: Chunk             |     2 |     7 |     4 ||    13
       Ration            |       |       |     1 ||     1
Armor: Robe              |    12 |     2 |    13 ||    27
Dodge: Dodged            |    23 |    19 |    51 ||    93

Table legend:
 A = Non-vault XP
 B = Vault XP
 C = Vault XP percentage of total XP
 D = Non-vault monster count
 E = Vault monster count
 F = Vault count percentage of total count
                 A         B        C        D         E       F
            +---------+---------+-------+---------+---------+-------
      Total |    1098 |     384 |  25.9 |     125 |       9 |   6.7
            +---------+---------+-------+---------+---------+-------
        D:1 |      39 |       0 |   0.0 |      26 |       0 |   0.0
        D:2 |      80 |      22 |  21.6 |      20 |       5 |  20.0
        D:3 |     142 |      36 |  20.2 |      30 |       1 |   3.2
        D:4 |     242 |     164 |  40.4 |      22 |       2 |   8.3
        D:5 |     595 |     162 |  21.4 |      27 |       1 |   3.6
            +---------+---------+-------+---------+---------+-------
